 Dungeon Crawl Stone Soup version 0.18-a0-1299-ge3c6ce7 (webtiles) character file.

380 Enish the Spear-Bearer (level 6, 0/37 HPs)
             Began as a Tengu Berserker on Feb 11, 2016.
             Was a Believer of Trog.
             Slain by an orc (4 damage)
             ... on level 4 of the Dungeon.
             The game lasted 00:05:03 (2561 turns).

Enish the Spear-Bearer (Tengu Berserker)            Turns: 2561, Time: 00:05:03

Health: 0/37       AC:  3    Str: 17    XL:     6   Next: 75%
Magic:  7/7        EV:  9    Int: 10    God:    Trog [**....]
Gold:   131        SH:  7    Dex: 13    Spells: 0 memorised, 5 levels left

rFire  . . .     SeeInvis .     a - +0 spear
rCold  . . .     Gourm    .     b - +0 animal skin
rNeg   . . .     Faith    .     n - +0 shield
rPois  .         Spirit   .     (helmet restricted)
rElec  .         Dismiss  .     (no cloak)
rCorr  .         Reflect  .     d - +0 pair of gloves
SustAt .         Harm     .     (boots unavailable)
MR     .....                    j - amulet of rage
Stlth  +.........               (no ring)
                                (no ring)

@: exhausted, slowed, very slow, not resistant to hostile enchantments, very
unstealthy
A: beak, talons 3, able to fly 1
a: Fly, Berserk, Trog's Hand, Burn Spellbooks, Renounce Religion, Evoke Berserk
Rage


You were on level 4 of the Dungeon.
You worshipped Trog.
Trog was pleased with you.
You were very hungry.

You visited 1 branch of the dungeon, and saw 4 of its levels.

You collected 131 gold pieces.

Inventory:

Hand Weapons
 a - a +0 spear (weapon)
Armour
 b - a +0 animal skin (worn)
 d - a +0 pair of gloves (worn)
 n - a +0 shield (worn)
Jewellery
 j - an amulet of rage (around neck)
Scrolls
 f - 2 scrolls of fear {unknown}
 g - a scroll of fog {unknown}
 i - 4 scrolls of teleportation {unknown}
 k - 4 scrolls of identify {unknown}
 o - a scroll of noise {unknown}
 p - a scroll of recharging {unknown}
 q - 2 scrolls of amnesia {unknown}
Potions
 e - a potion of lignification {unknown}
 l - a potion of degeneration {unknown}
 m - a potion of curing
 s - a potion of resistance {unknown}
 t - a potion of haste {unknown}
Comestibles
 c - 2 bread rations
 h - 3 meat rations
 r - a slice of pizza
 u - a chunk of flesh


   Skills:
 - Level 3.0 Fighting
 * Level 8.1 Polearms
 - Level 2.1 Armour
 - Level 2.1 Dodging


You had 5 spell levels left.
You didn't know any spells.

Dungeon Overview and Level Annotations

Branches:
Dungeon (4/15)
 Temple: D:4-7

Altars:
Gozag
Nemelex Xobeh
Qazlal
Xom
Yredelemnul
Zin
The Shining One


Innate Abilities, Weirdness & Mutations

You have a beak for a mouth.
You have claws for feet.
You can fly.


Message History

You hit the orc.
The orc is heavily wounded.
The orc closely misses you. The orc hits you but does no damage.
You hit the orc but do no damage. You claw the orc.
You peck the orc, but do no damage.
The orc is severely wounded.
The orc hits you.
* * * LOW HITPOINT WARNING * * *
Drink which item? (? for menu, Esc to quit)
It was a potion of curing.
You feel better. You block the orc's attack.
You barely miss the orc. Your kick misses the orc.
The orc is severely wounded.
The orc hits you.
* * * LOW HITPOINT WARNING * * *
The orc hits you.
* * * LOW HITPOINT WARNING * * *
You closely miss the orc.
The orc is severely wounded.
The orc hits you.
You die...

#.....?#
#......#
#......#
##......###
..........
#......#
#......#
#.@o...#
#......#
#......#
######.)....###
...............
######......#.#
##......# #
#<......#
........#####.#


You could see an orc.

Vanquished Creatures
  Grinder (D:3)
  An orc priest (D:4)
  Terence (D:3)
  An orc wizard (D:3)
  4 adders (D:3)
  3 worms
  9 orcs
  2 giant cockroaches
  6 goblins
  5 hobgoblins
  2 jackals (D:2)
  9 bats
  2 giant newts
  4 kobolds
  9 rats
59 creatures vanquished.

Notes
Turn   | Place    | Note
--------------------------------------------------------------
     0 | D:1      | Enish the Tengu Berserker began the quest for the Orb.
     0 | D:1      | Reached XP level 1. HP: 14/14 MP: 2/2
   144 | D:1      | Reached XP level 2. HP: 12/19 MP: 3/3
   216 | D:1      | Reached skill level 4 in Polearms
   724 | D:2      | Reached ** piety under Trog
   743 | D:2      | Reached XP level 3. HP: 20/23 MP: 4/4
   790 | D:2      | Found a basalt altar of Yredelemnul.
  1143 | D:2      | Found a faded altar to an unknown god.
  1322 | D:3      | Reached skill level 5 in Polearms
  1358 | D:3      | Noticed Terence
  1368 | D:3      | Killed Terence
  1368 | D:3      | Reached XP level 4. HP: 28/28 MP: 5/5
  1410 | D:3      | Noticed Grinder
  1427 | D:3      | Killed Grinder
  1427 | D:3      | Reached skill level 7 in Polearms
  1427 | D:3      | Gained mutation: You can fly. [Tengu growth]
  1427 | D:3      | Reached XP level 5. HP: 32/32 MP: 6/6
  1427 | D:3      | Reached XP level 6. HP: 37/37 MP: 7/7
  2219 | D:3      | Found a glowing silver altar of Zin.
  2219 | D:3      | Found a shimmering altar of Xom.
  2220 | D:3      | Found a stormy altar of Qazlal.
  2279 | D:3      | Found an opulent altar of Gozag.
  2280 | D:3      | Found a sparkling altar of Nemelex Xobeh.
  2352 | D:3      | Found a glowing golden altar of the Shining One.
  2539 | D:4      | Reached skill level 8 in Polearms
  2561 | D:4      | Slain by an orc

Vault maps used:
D:1:      minmay_arrival_doors, kennysheep_another_room, feat_on_display
D:2:      overflow_temple_1_default, ecumenical_altar_2, first_bread
D:3:      grunt_temple_overflow_opulence, nicolae_overflow_quartered_altars,
          uniq_grinder, uniq_terence
D:4:      minmay_temple_entry_trees, uniq_eustachio

Action                   |  1- 3 |  4- 6 || total
-------------------------+-------+-------++-------
Melee: Spear             |    89 |   103 ||   192
Invok: Berserk           |     3 |     3 ||     6
       Trog's Hand       |       |     1 ||     1
  Use: Potion            |       |     1 ||     1
 Stab: Sleeping          |     3 |       ||     3
  Eat: Chunk             |     3 |     6 ||     9
       Beef jerky        |       |     1 ||     1
